 Dungeon Crawl Stone Soup version 0.29-a0-813-g4a14ea37d6 (webtiles) character file.

Game seed: 17030618804760895149

1667 buhh the Gouger (level 8, -4/39 HPs)
             Began as a Felid Transmuter on July 5, 2022.
             Was a Believer of Cheibriados.
             Killed from afar by an electric eel (11 damage)
             ... with a bolt of electricity
             ... on level 9 of the Dungeon.
             The game lasted 00:19:00 (12040 turns).

buhh the Gouger (Felid Transmuter)                 Turns: 12040, Time: 00:19:00

Health: -4/39      AC:  2    Str: 10    XL:     8   Next: 69%
Magic:  10/12      EV: 31    Int: 20    God:    Cheibriados [**....]
Gold:   469        SH:  0    Dex: 32    Spells: 1/11 levels left
                                        Lives:  0   Deaths: 2

rFire   . . .      SeeInvis +     - Unarmed
rCold   . . .      Faith    .   (shield unavailable)
rNeg    . . .      Spirit   .   (body armour unavailable)
rPois   x          Reflect  .   (helmet unavailable)
rElec   .          Harm     .   (cloak unavailable)
rCorr   +          Rampage  .   (gloves unavailable)
Will    +....                   (boots unavailable)
Stlth   ++++......              (no amulet)
HPRegen 0.13/turn               d - ring of resist corrosion
MPRegen 0.13/turn               h - +6 ring of dexterity

@: spider-form, very slow
A: venomous fangs, tiny, (claws 1), (fangs 3), see invisible, (speed 1), (shaggy
fur 2), (stealthy paws), no weapons or thrown items, no armour, multi-lived
a: End Transformation, Renounce Religion, Bend Time


You were on level 9 of the Dungeon.
You worshipped Cheibriados.
Cheibriados was pleased with you.
You were a venomous arachnid creature.
You visited 1 branch of the dungeon, and saw 9 of its levels.

You collected 469 gold pieces.

Inventory:

Missiles
 f - 3 poisoned darts
 v - a throwing net {!f}
Jewellery
 d - a ring of resist corrosion (left front leg)
 h - a +6 ring of dexterity (right front leg)
 n - a ring of ice
Wands
 u - a wand of roots (5)
 G - a wand of paralysis (18)
Scrolls
 c - 4 scrolls of blinking {!d}
 g - 3 scrolls of identify {!d}
 i - 2 scrolls of noise
 o - a scroll of summoning {unknown}
 r - a scroll of torment {unknown}
 t - 3 scrolls of teleportation {!d}
 F - 2 scrolls of enchant weapon
 X - 4 scrolls of amnesia
Potions
 a - a potion of resistance {unknown}
 b - a potion of magic {unknown}
 e - a potion of berserk rage {unknown}
 j - 2 potions of degeneration
 k - 4 potions of flight
 l - a potion of lignification {!d}
 p - a potion of invisibility {unknown}
 q - a potion of haste {unknown}
 s - 2 potions of cancellation {unknown}
 w - a potion of brilliance {unknown}
 x - a potion of attraction {unknown}
 U - 2 potions of mutation {!d}


   Skills:
 * Level 6.7 Fighting
 * Level 7.8 Dodging
 * Level 4.4 Stealth
 - Level 8.0 Unarmed Combat
 - Level 2.0 Spellcasting
 * Level 5.3 Transmutations
 - Level 1.0 Poison Magic


You had one spell level left.
You knew the following spells:

 Your Spells              Type           Power      Damage    Failure   Level
a - Beastly Appendage     Tmut           46%        N/A       8%          1
b - Wereblood             Tmut           23%        N/A       10%         2
c - Spider Form           Tmut/Pois      14%        N/A       30%         3
d - Ice Form              Ice/Tmut       12%        N/A       67%         4

Your spell library contained the following spells:

 Spells                   Type           Power      Damage    Failure   Level
 Apportation              Tloc           4%         N/A       34%         1
 Sandblast                Erth           4%         2d4       34%         1
 Slow                     Hex            8%         N/A       34%         1
 Passwall                 Tmut/Erth      10%        N/A       21%         2
 Ignite Poison            Fire/Tmut/Pois 10%        N/A       41%         3
 Confusing Touch          Hex            2%         N/A       65%         3
 Conjure Flame            Conj/Fire      2%         6-21      65%         3
 Dazzling Flash           Conj/Hex       4%         N/A       65%         3
 Stone Arrow              Conj/Erth      4%         3d7       65%         3
 Vampiric Draining        Necr           2%         2d6       65%         3
 Alistair's Intoxication  Tmut/Pois      9%         N/A       89%         5
 Sticky Flame             Conj/Fire      2%         2d3       94%         4
 Agony                    Necr           2%         N/A       100%        5
 Silence                  Hex/Air        1%         N/A       100%        5


Dungeon Overview and Level Annotations

Branches:
Dungeon (9/15) Zot: 39496  Temple (0/1) D:6
   Lair: D:8-11         Orc: D:9-12

Altars:
Cheibriados
Gozag
Makhleb
Nemelex Xobeh
Okawaru
Sif Muna
Yredelemnul
Zin

Shops:
D:1 ?

Annotations:
D:2 Sigmund
D:3 1 runed translucent door, blackman's ghost, amateur HuAr
D:7 Joseph; Prince Ribbit
D:9 exclusion: two-headed ogre, Maggie


Innate Abilities, Weirdness & Mutations

You are a venomous arachnid creature.
You have poisonous fangs.
You are tiny and dextrous.
Your spellcasting is less reliable in this form.
((You have sharp claws.))
((You have razor-sharp teeth.))
You have supernaturally acute eyesight. (SInv)
((You cover ground quickly. (Speed+)))
((You are covered in thick fur. (AC +2)))
((Your paws help you pounce on unaware monsters.))
You are incapable of wielding weapons or throwing items.
You cannot wear armour.
You gain extra lives every three experience levels.


Message History

Your transformation is almost over.
c - 4 scrolls of blinking {!d} (gained 3)
Your transformation has ended.
g - 2 scrolls of identify {!d} Key pressed, stopping explore.
g - 3 scrolls of identify {!d} (gained 1)
You enter the shallow water.
Moving in this stuff is going to be slow.
An electric eel comes into view.
You see here a potion of lignification {!d}.
l - a potion of lignification {!d};
f - 3 poisoned darts Search for what [? for help]? lig The electric eel shoots out a bolt of lightning at you!
The bolt of electricity misses you.
The spell is quite dangerous to miscast (13% risk of failure)!
Continue anyway?
You turn into a venomous arachnid creature.
The electric eel shoots out a bolt of lightning at you!
The bolt of electricity hits the plant!
The plant begins to die.
The bolt of electricity misses you. The bolt of electricity hits you!
The electric eel shoots out a bolt of lightning at you!
The bolt of electricity hits the plant!
The bolt of electricity hits you!
The electric eel shoots out a bolt of lightning at you!
The bolt of electricity hits the plant!
The bolt of electricity misses you.
A nearby plant withers and dies.
The electric eel shoots out a bolt of lightning at you!
The bolt of electricity hits you! The bolt of electricity hits you.
* * * LOW HITPOINT WARNING * * *
The bolt of electricity hits the electric eel.
The electric eel completely resists.
The electric eel shoots out a bolt of lightning at you!
The bolt of electricity misses you. x2
The bolt of electricity hits the electric eel.
The electric eel completely resists.
You hit the electric eel.
The electric eel is poisoned.
The electric eel is moderately wounded.
You barely miss the electric eel.
The electric eel is moderately wounded.
The electric eel shoots out a bolt of lightning at you!
The bolt of electricity misses you. The bolt of electricity hits you!
You die...

.....##........######
......+........#
.....##........#
#....###....#.## ######
####........#.# #P.PP.#
...#........#.###.PP≈P≈≈
...#........#.##.PP≈≈≈PP
...#.......##.#...≈≈≈≈≈P
##.........##.#.s≈≈≈♣
##..............≈S≈≈♣≈
...............PP≈♣♣P♣
...............≈P♣PPPP≈
..............PP♣≈PPPPP♣
..............PP≈≈..≈..
........#####P≈≈≈P...#≈
........# #PP♣≈P##.#
.......(# .P≈P≈P.# .#


You could see an electric eel (very poisoned).

Vanquished Creatures
  A shadow (D:9)
  A steam dragon (D:9)
  An ice beast (D:6)
  2 sky beasts
  An orc warrior (D:6)
  An ogre (D:6)
  2 centaurs (D:9)
  4 phantoms
  A bullfrog (D:7)
  A necrophage (D:6)
  A gnoll sergeant (D:6)
  4 scorpions
  3 hounds
  4 jellies
  4 orc priests
  A gnoll bouda (D:7)
  Jessica (D:2)
  Natasha (thrice) (D:3)
  2 iguanas
  6 orc wizards
  14 adders
  15 gnolls
  A shadow imp (D:6)
  A white imp (D:7)
  A worm (D:3)
  4 dart slugs
  20 orcs
  4 ball pythons
  3 bats
  2 endoplasms
  2 giant cockroaches
  5 goblins
  7 hobgoblins
  A jackal (D:1)
  5 quokkas
  4 frilled lizards
  4 kobolds
  8 rats
145 creatures vanquished.

Vanquished Creatures (others)
  3 fungi (D:4)
  A plant (D:9)
4 creatures vanquished.

Grand Total: 149 creatures vanquished

Notes
Turn   | Place    | Note
-------+----------+-------------------------------------------
     0 | D:1      | buhh the Felid Transmuter began the quest for the Orb.
     0 | D:1      | Reached XP level 1. HP: 9/9 MP: 4/4
     2 | D:1      | Noticed an electric eel
   141 | D:1      | Found Jeaguz's Magic Scroll Boutique.
   257 | D:1      | Reached XP level 2. HP: 10/12 MP: 4/6
   777 | D:1      | Reached XP level 3. HP: 15/15 MP: 5/7
  1417 | D:2      | Noticed Sigmund
  1548 | D:2      | Learned a level 2 spell: Wereblood
  1552 | D:2      | Learned a level 3 spell: Spider Form
  1714 | D:2      | Noticed Jessica
  1720 | D:2      | Killed Jessica
  1721 | D:2      | Reached XP level 4. HP: 16/19 MP: 6/8
  1902 | D:2      | Found a faded altar of an unknown god.
  2092 | D:3      | Noticed Natasha
  2101 | D:3      | Killed Natasha
  2102 | D:3      | Reached skill level 4 in Unarmed Combat
  2181 | D:3      | Found a runed translucent door.
  2343 | D:3      | Reached XP level 5. HP: 22/22 MP: 7/9
  2431 | D:3      | Noticed Natasha
  2441 | D:3      | Killed Natasha
  2612 | D:3      | Noticed blackman's ghost (amateur HuAr)
  2617 | D:3      | Noticed Natasha
  2629 | D:3      | Killed Natasha
  3101 | D:4      | Found an iron altar of Okawaru.
  3342 | D:4      | Identified the +1 leather armour "Cibij" {Contam rC+ Dex+3}
  3365 | D:4      | Noticed a sky beast
  3374 | D:4      | HP: 1/22 [sky beast (6)]
  3380 | D:4      | Killed a sky beast
  3381 | D:4      | Gained mutation: You are covered in thick fur. (AC +2)
                  | [Felid growth]
  3381 | D:4      | Reached XP level 6. HP: 14/25 MP: 7/10
  3941 | D:4      | Reached skill level 5 in Unarmed Combat
  4185 | D:5      | Entered Level 5 of the Dungeon
  4279 | D:5      | Reached XP level 7. HP: 21/29 MP: 8/11
  5162 | D:5      | Reached skill level 6 in Unarmed Combat
  5164 | D:5      | Slain by a white imp
  5165 | D:5      | Reached XP level 6. HP: -2/28 MP: 10/10
  5222 | D:5      | Found a glowing silver altar of Zin.
  5222 | D:5      | Found a snail-covered altar of Cheibriados.
  5224 | D:5      | Found a sparkling altar of Nemelex Xobeh.
  5270 | D:5      | Found a burning altar of Makhleb.
  5337 | D:5      | Became a worshipper of Cheibriados the Contemplative
  5521 | D:5      | Reached XP level 7. HP: 31/31 MP: 7/11
  7121 | D:6      | Reached skill level 7 in Unarmed Combat
  7542 | D:6      | Found a staircase to the Ecumenical Temple.
  7652 | D:6      | Reached * piety under Cheibriados
  7653 | D:6      | Reached XP level 8. HP: 24/37 MP: 12/12
  7939 | D:6      | Identified the +1 robe of the Sky {Str-3 Int+9}
  8317 | D:6      | Reached skill level 8 in Unarmed Combat
  9049 | D:6      | Slain by an orc warrior
  9050 | D:6      | Reached XP level 7. HP: -4/34 MP: 7/11
  9540 | D:7      | Noticed Prince Ribbit
  9938 | D:7      | Reached XP level 8. HP: 38/38 MP: 8/12
 10086 | D:8      | Found a shimmering blue altar of Sif Muna.
 10087 | D:8      | Found a basalt altar of Yredelemnul.
 10193 | D:8      | Reached ** piety under Cheibriados
 10467 | D:7      | Found an opulent altar of Gozag.
 10491 | D:7      | Noticed Joseph
 11286 | D:9      | Learned a level 4 spell: Ice Form
 11386 | D:9      | Noticed Maggie
 11458 | D:9      | Noticed a two-headed ogre
 12040 | D:9      | Killed from afar by an electric eel

Illustrated notes

Levels and vault maps discovered:
D:1:      arrival_aquarium_a, layout_loops_ring, serial_shops, shop,
          nicolae_concentric_dashed_squares_wild, minmay_pentomino_v2
D:2:      layout_basic, ebering_ecumenical_altar_abandoned,
          palyth_stone_intersect, uniq_sigmund, uniq_jessica,
          uniq_crazy_yiuf_cottage
D:3:      layout_rooms, ebering_ghost_sewer_d, kennysheep_boxes, uniq_natasha
D:4:      layout_basic, mainiacjoe_overflow_boulevard
D:5:      layout_loops_ring, nicolae_overflow_quartered_altars
D:6:      layout_layer_cave, minmay_temple_entry_mist, minmay_crystal_room
D:7:      layout_loops_corners, grunt_gozag_breadcrumbs,
          guppyfry_early_elven_hall, uniq_joseph, uniq_prince_ribbit1
D:8:      layout_gridville, minitemple, gammafunk_ghost_abyssal_escape
D:9:      layout_basic, serial_bayou_lagoon_a, uniq_maggie

Skill      XL: |  1  2  3  4  5  6  7  8 |
---------------+-------------------------+-----
Dodging        | 3 4 5 6 7 |  7.8
Poison Magic   | 1 |  1.0
Transmutations | 3 4 5 |  5.3
Unarmed Combat | 4 5 7 8 |  8.0
Fighting       | 6 |  6.7
Stealth        | 2 4 |  4.4
Spellcasting   | |  2.0

Action                   |  1- 3 |  4- 6 |  7- 9 || total
-------------------------+-------+-------+-------++-------
Melee: Unarmed           |    89 |   159 |   266 ||   514
       Bite              |    10 |     8 |     9 ||    27
       Headbutt          |    18 |    14 |     4 ||    36
       Punch             |       |     7 |     3 ||    10
 Cast: Beastly Appendage |    23 |    31 |     8 ||    62
       Spider Form       |       |     8 |    37 ||    45
       Wereblood         |       |     1 |       ||     1
Evoke: Wand              |       |       |     1 ||     1
  Use: Potion            |       |     4 |     3 ||     7
       Scroll            |       |       |     8 ||     8
 Stab: Sleeping          |     1 |     2 |     2 ||     5
Armor: Skin              |     1 |    26 |    16 ||    43
Dodge: Dodged            |    73 |    93 |   251 ||   417

Table legend: (Time is in decaauts)
 A = Elapsed time spent in this place.
 B = Non-inter-level travel time spent in this place.
 C = Inter-level travel time spent in this place.
 D = Time resting spent in this place.
 E = Time spent auto-exploring this place.
 F = Levels seen in this place.
 G = Mean time per level.
                   A        B        C        D        E       F      G
               +--------+--------+--------+--------+--------+-----+--------+
         Total |  12185 |  11545 |    640 |   2543 |   7359 |   9 | 1353.9 |
       Dungeon |  12185 |  11545 |    640 |   2543 |   7359 |   9 | 1353.9 |
               +--------+--------+--------+--------+--------+-----+--------+

Top non-repeatable levels by time:
     D:6: 2710 daAuts
     D:5: 2384 daAuts
     D:4: 1518 daAuts
     D:7: 1273 daAuts
     D:9: 1003 daAuts
     D:1: 951 daAuts
     D:2: 890 daAuts
     D:3: 766 daAuts
     D:8: 686 daAuts
